Map: Jagannatha LE

Players

Tonko

  • Race: Zerg Zerg
  • League: Platinum
  • Spawn Location: 7:00

Massa - Winner!

  • Race: Terran Terran
  • League: Platinum
  • Spawn Location: 1:00

VOD

Have the link to the VOD?

Description

Time

  • Played on: Jan. 16, 2021, 7:54 a.m.
  • Length: 8:43
Show
View Real Time Build Order
Export as new Build Order

Tonko Zerg 

Build Orders: Pool First 

Get SALT Encoding   

  12  0:18  Spawning Pool  
  11  0:21  Drone  
  12  0:29  Drone  
  12  0:31  Drone  
  14  0:40  Overlord  
  14  1:04  Zergling x4  
  14  1:06  Zergling x2  
  17  1:20  Hatchery  
  17  1:22  Drone  
  17  1:31  Drone  
  18  1:49  Hatchery  
  17  1:54  Drone  
  18  2:09  Drone x3  
  20  2:30  Overlord  
  20  2:33  Queen  
  20  2:34  Queen  
  25  2:44  Drone x3  
  27  3:00  Drone x3  
  27  3:05  Drone x3  
  33  3:09  Extractor x2  
  33  3:12  Queen  
  33  3:21  Drone  
  34  3:32  Drone x5  
  37  3:57  Metabolic Boost  
  37  4:06  Zergling x4  
  37  4:07  Zergling x6  
  37  4:08  Overlord x4  
  37  4:09  Overlord  
  42  4:26  Zergling x4  
  42  4:27  Zergling x8  
  41  4:53  Zergling x2  
  41  4:54  Zergling x18  
  50  5:06  Queen  
  50  5:11  Zergling x10  
  50  5:12  Zergling x8  
  55  5:28  Zergling x4  
  55  5:29  Zergling x10  
  61  5:41  Zergling x2  
  61  5:42  Zergling x10  
  64  5:56  Extractor  
  63  5:57  Extractor, Drone  
  63  6:03  Lair  
  60  6:16  Drone x2, Spore Crawler  
  60  6:18  Drone x2  
  62  6:19  Drone  
  63  6:32  Spore Crawler  
  62  6:33  Drone  
  62  6:37  Drone x2  
  62  6:38  Drone x8  
  73  6:52  Spore Crawler  
  71  7:14  Spore Crawler  
  70  7:18  Drone x3  
  73  7:32  Extractor, Drone  
  73  7:33  Extractor  
  73  7:34  Overlord x4  
  72  7:46  Spire  
  72  7:49  Baneling Nest  
  48  8:19  Zergling x2  
  45  8:20  Zergling x14  
  45  8:21  Zergling x22  
  45  8:22  Zergling x6  
  66  8:31  Drone  
Show
View Real Time Build Order
Export as new Build Order

Massa Terran - Winner!

Build Orders:  

Get SALT Encoding   

  12  0:00  SCV  
  13  0:12  SCV  
  14  0:21  Supply Depot  
  14  0:24  SCV  
  15  0:42  SCV  
  16  0:44  Barracks  
  16  0:46  Refinery  
  16  0:54  SCV  
  17  1:06  SCV  
  18  1:19  SCV  
  19  1:31  SCV  
  19  1:39  Supply Depot  
  19  1:41  Marine  
  19  1:42  Supply Depot  
  20  1:57  Factory  
  20  2:00  Marine  
  20  2:19  Command Center  
  19  2:35  Barracks Reactor  
  19  2:39  Orbital Command  
  19  2:45  Hellion  
  21  3:05  SCV  
  22  3:06  Hellion  
  22  3:11  Starport  
  24  3:13  Marine  
  24  3:15  Marine  
  26  3:31  Marine  
  26  3:32  Orbital Command  
  26  3:33  SCV  
  28  3:45  SCV  
  29  3:58  Marine x2  
  31  4:12  Factory Tech Lab  
  31  4:16  Marine x2  
  33  4:21  SCV x2  
  33  4:23  Starport Tech Lab  
  35  4:28  Refinery  
  35  4:32  Siege Tank  
  35  4:33  SCV x2, Marine x2  
  42  4:45  SCV x2  
  43  4:51  Marine  
  45  5:06  Banshee  
  40  5:33  Refinery, SCV x2  
  40  5:35  Refinery  
  42  5:36  Cloaking Field  
  42  5:40  Marine x2  
  44  5:45  SCV  
  44  5:46  SCV  
  44  5:49  Banshee  
  49  5:50  Command Center  
  49  5:58  SCV, Marine x2  
  49  6:02  SCV  
  53  6:10  SCV  
  54  6:23  Supply Depot x2  
  54  6:24  Supply Depot x2  
  54  6:25  Supply Depot  
  54  6:27  Supply Depot  
  54  6:44  SCV x2, Marine, Siege Tank  
  60  6:47  Engineering Bay  
  60  6:56  SCV x2  
  59  7:08  SCV  
  60  7:18  Marine x2  
  62  7:26  Barracks  
  62  7:28  Barracks  
  59  7:30  Barracks  
  59  7:35  Medivac  
  59  7:36  Marine x2  
  63  7:39  Siege Tank  
  65  7:54  Marine x2, Planetary Fortress  
  67  8:05  Medivac  
  69  8:11  Marine  
  56  8:25  Marine  
  56  8:26  Barracks Tech Lab  
  56  8:27  Barracks Reactor, Barracks Tech Lab  
  57  8:30  SCV x3  
  61  8:39  Missile Turret  
  65  8:43  Missile Turret  
Tags
 
Matchup
TvZ
Opening
Pool First
Replay Pack
Multiplayer
Spawn Locations
Cross Positions
Add a new tag
Caveats
  • Supply blocks, unpowered buildings, or Contaminate may cause inaccurate times.
  • Supply counts are checked every 10 seconds.